 Dungeon Crawl Stone Soup version 0.29-a0-338-g1ff7896281 (webtiles) character file.

Game seed: 1322387496066444236

48 rabbitsville the Conjurer (level 3, -2/21 HPs)
             Began as an Octopode Conjurer on Apr 18, 2022.
             Slain by Crazy Yiuf
             ... wielding a +3 quarterstaff of chaos
              (11 damage)
             ... on level 2 of the Dungeon.
             The game lasted 00:03:19 (1507 turns).

rabbitsville the Conjurer (Octopode Conjurer)       Turns: 1507, Time: 00:03:19

Health: -2/21      AC:  1    Str:  6    XL:     3   Next: 72%
Magic:  2/7        EV: 13    Int: 22    God:
Gold:   71         SH:  0    Dex: 10    Spells: 5/8 levels left

rFire   . . .      SeeInvis .   g - +0 spear
rCold   + . .      Faith    +   (no shield)
rNeg    . . .      Spirit   .   (helmet restricted)
rPois   .          Reflect  .   n - amulet of faith
rElec   .          Harm     .   k - ring of protection from cold
rCorr   .          Rampage  .   (no ring)
Will    .....                   (no ring)
Stlth   +++.......              (no ring)
HPRegen 0.07/turn               (no ring)
MPRegen 0.10/turn               (no ring)
                                (no ring)
                                (no ring)

@: no status effects
A: almost no armour, amphibious, 8 rings, camouflage 1, gelatinous body 1,
(nimble swimmer 1), tentacles
a: no special abilities


You were on level 2 of the Dungeon.
You visited 1 branch of the dungeon, and saw 2 of its levels.

You collected 71 gold pieces.

Inventory:

Hand Weapons
 c - a +0 dagger
 g - a +0 spear (weapon)
Jewellery
 k - a ring of protection from cold (left tentacle)
 n - an amulet of faith (around mantle)
Scrolls
 d - a scroll of identify {unknown}
 i - a scroll of fog {unknown}
 j - a scroll of silence {unknown}
 l - a scroll of magic mapping {unknown}
 m - a scroll of teleportation {unknown}
Potions
 a - a potion of magic
 b - 4 potions of curing {unknown}
 e - 2 potions of heal wounds {unknown}
 f - a potion of mutation {unknown}
 h - a potion of ambrosia {unknown}


   Skills:
 - Level 2.0 Dodging
 - Level 2.6 Stealth
 + Level 3.0 Spellcasting
 + Level 4.6 Conjurations


You had 5 spell levels left.
You knew the following spells:

 Your Spells              Type           Power      Damage    Failure   Level
a - Magic Dart            Conj           92%        1d7       1%          1
b - Searing Ray           Conj           46%        2d6       2%          2

Your spell library contained the following spells:

 Spells                   Type           Power      Damage    Failure   Level
 Beastly Appendage        Tmut           6%         N/A       12%         1
 Dazzling Flash           Conj/Hex       26%        N/A       14%         3
 Wereblood                Tmut           3%         N/A       19%         2
 Spider Form              Tmut/Pois      3%         N/A       36%         3
 Fulminant Prism          Conj/Hex       6%         3d7       43%         4
 Iskenderun's Mystic Bla  Conj/Tloc      13%        2d5       43%         4


Dungeon Overview and Level Annotations

Branches:
Dungeon (2/15)

Altars:

Annotations:
D:2 Crazy Yiuf


Innate Abilities, Weirdness & Mutations

You cannot wear most types of armour.
You are amphibious.
You can wear up to eight rings at the same time.
Your skin changes colour to match your surroundings (Stealth+).
Your rubbery body absorbs attacks. (AC +1, EV +1)
((You are camouflaged when in or above water. (Stealth+)))
You have tentacles for arms and can constrict up to eight enemies at once.


Message History

The magic dart hits the goblin.
You kill the goblin!
Things that are here:
a +0 club; a goblin corpse A dart slug comes into view.
The magic dart hits the dart slug!
The dart slug is severely wounded.
The dart slug launches a dart at you. The slug dart misses you.
The magic dart hits the dart slug.
The dart slug is severely wounded.
A dart slug is nearby!
The magic dart hits the dart slug.
You kill the dart slug!
Your Spellcasting skill increases to level 3!
You now have 71 gold pieces (gained 10).
Found a mace.
Found a runed translucent door.
Crazy Yiuf shouts!
Crazy Yiuf twirls on the spot.
Press: ? - help, v - describe, . - travel
Here: Crazy Yiuf, wielding a +3 quarterstaff of chaos and wearing a +0 cloak (fire blocked by a runed translucent door)
The floor.
You open the door.
The searing ray hits Crazy Yiuf.
Crazy Yiuf is lightly wounded. (Press . to maintain the ray.) Crazy Yiuf barely misses you.
The searing ray hits Crazy Yiuf.
Crazy Yiuf is moderately wounded.
Crazy Yiuf closely misses you.
The searing ray hits Crazy Yiuf.
Crazy Yiuf is moderately wounded.
Crazy Yiuf hits you with a +3 quarterstaff of chaos!
Crazy Yiuf burns you.
The searing ray hits Crazy Yiuf!
Crazy Yiuf is almost dead.
You finish channelling your searing ray.
Crazy Yiuf hits you with a +3 quarterstaff of chaos!
Ouch! That really hurt!
You die...

...#.# ####...#
#.....
###.###########
.....#
#...........# ...
.# ###########.#
#.## ♣♣♣♣♣##..#
### ♣♣♣.♣..#.#.#
#...#♣..♣.......#
#...g@♣♣♣♣PP....#
#)..#♣♣ ♣♣.#..##
### ♣♣####


You could see Crazy Yiuf.

Vanquished Creatures
  An adder (D:2)
  3 dart slugs
  4 bats
  3 endoplasms (D:1)
  A giant cockroach (D:2)
  2 goblins
  3 hobgoblins (D:1)
  2 jackals (D:1)
  3 quokkas (D:1)
  A ball python (D:2)
  A frilled lizard (D:1)
  2 kobolds
  6 rats
32 creatures vanquished.

Notes
Turn   | Place    | Note
-------+----------+-------------------------------------------
     0 | D:1      | rabbitsville the Octopode Conjurer began the quest for the
                  | Orb.
     0 | D:1      | Reached XP level 1. HP: 11/11 MP: 3/3
   163 | D:1      | Reached XP level 2. HP: 15/17 MP: 0/5
   310 | D:1      | Learned a level 2 spell: Searing Ray
   725 | D:1      | Reached XP level 3. HP: 21/21 MP: 2/6
  1497 | D:2      | Found a runed translucent door.
  1498 | D:2      | Noticed Crazy Yiuf
  1507 | D:2      | Slain by Crazy Yiuf

Illustrated notes

Levels and vault maps discovered:
D:1:      lemuel_arrival_funnel, layout_basic
D:2:      layout_rooms, hellmonk_ecumenical_altar_crossroads,
          uniq_crazy_yiuf_cottage, uniq_natasha

Skill      XL: |  1  2  3 |
---------------+----------+-----
Spellcasting   | 3 |  3.0
Dodging        | |  2.0
Stealth        | |  2.6
Conjurations   | |  4.6

Action                   || total
-------------------------++-------
Melee: Dagger            ||     4
       Constrict         ||     2
       Tentacles         ||     1
 Cast: Magic Dart        ||    56
       Searing Ray       ||     2
Dodge: Dodged            ||     9

Table legend: (Time is in decaauts)
 A = Elapsed time spent in this place.
 B = Non-inter-level travel time spent in this place.
 C = Inter-level travel time spent in this place.
 D = Time resting spent in this place.
 E = Time spent auto-exploring this place.
 F = Levels seen in this place.
 G = Mean time per level.
                   A        B        C        D        E       F      G
               +--------+--------+--------+--------+--------+-----+--------+
         Total |   1505 |   1481 |     24 |     80 |   1193 |   2 |  752.5 |
       Dungeon |   1505 |   1481 |     24 |     80 |   1193 |   2 |  752.5 |
               +--------+--------+--------+--------+--------+-----+--------+

Top non-repeatable levels by time:
     D:1: 1189 daAuts
     D:2: 316 daAuts
